 Dungeon Crawl Stone Soup version 0.23.2 (webtiles) character file.

Game seed: 16159432077437106124

207 sipior the Firebug (level 5, -1/38 HPs)
             Began as a Draconian Fire Elementalist on Apr 8, 2019.
             Shot with an arrow by a centaur (3 damage)
             ... on level 4 of the Dungeon.
             The game lasted 00:14:01 (3722 turns).

sipior the Firebug (Draconian Fire Elementalist)    Turns: 3722, Time: 00:14:01

Health: -1/38      AC:  6    Str: 10    XL:     5   Next: 54%
Magic:  9/9        EV: 13    Int: 16    God:
Gold:   191        SH:  0    Dex: 12    Spells: 0/10 levels left

rFire    . . .     SeeInvis .   k - +0 spear
rCold    . . .     Gourm    .   (no shield)
rNeg     . . .     Faith    .   (armour unavailable)
rPois    .         Spirit   .   (helmet restricted)
rElec    .         Reflect  .   (no cloak)
rCorr    .         Harm     .   l - +0 pair of gloves
MR       .....                  (no boots)
Stlth    +++.......             (no amulet)
HPRegen  0.12/turn              d - ring of stealth
MPRegen  0.11/turn              (no ring)

@: no status effects
A: unfitting armour, cold-blooded, AC +5
a: no special abilities


You were on level 4 of the Dungeon.
You were not hungry.

You visited 1 branch of the dungeon, and saw 4 of its levels.

You collected 191 gold pieces.

Inventory:

Hand Weapons
 k - a +0 spear (weapon)
Missiles
 g - a throwing net (quivered)
Armour
 l - a +0 pair of gloves (worn)
Jewellery
 d - a ring of stealth (left hand)
Wands
 a - a wand of random effects (22)
 p - a wand of acid (6)
Scrolls
 c - 4 scrolls of remove curse
 i - 2 scrolls of teleportation
 r - a scroll of magic mapping
Potions
 e - a potion of invisibility
 h - a potion of flight
 m - a potion of heal wounds
 o - a potion of curing
Comestibles
 b - 5 rations


   Skills:
 + Level 3.0 Dodging
 - Level 2.0 Stealth
 + Level 3.1 Spellcasting
 + Level 2.7 Conjurations
 + Level 4.0 Fire Magic


You couldn't memorise any spells.
You knew the following spells:

 Your Spells              Type           Power        Failure   Level  Hunger
a - Flame Tongue          Conj/Fire      ##...        4%          1    None
b - Throw Flame           Conj/Fire      ##....       7%          2    ##.....
c - Conjure Flame         Conj/Fire      ##......     14%         3    ###....
d - Sticky Flame          Conj/Fire      ##......     41%         4    ####...

Your spell library contained the following spells:

 Spells                   Type           Power        Failure   Level  Hunger
 Inner Flame              Hex/Fire       #.......     24%         3    ###....
 Fireball                 Conj/Fire      ##........   77%         5    ######.


Dungeon Overview and Level Annotations

Branches:
Dungeon (4/15)
 Temple: D:4-7

Altars:
Ashenzari
Cheibriados
Elyvilon
Kikubaaqudgha


Innate Abilities, Weirdness & Mutations

Your plain brown scales are hard. (AC +5)
You cannot fit into any form of body armour.
You are cold-blooded and may be slowed by cold attacks.


Message History

The arrow hits you.
Found a snail-covered altar of Cheibriados.
Found an escape hatch in the floor.
There is an open door here.
You see here an arrow.
The centaur shoots an arrow.
The arrow closely misses you.
Found a ration.
The centaur shoots an arrow.
The arrow closely misses you.
There is an open door here.
You see here an arrow.
The centaur shoots an arrow.
The arrow hits you!
The centaur shoots an arrow.
The arrow hits you!
* * * LOW HITPOINT WARNING * * *
You see here 2 arrows.
The centaur shoots an arrow.
The arrow hits you!
* * * LOW HITPOINT WARNING * * *
The centaur shoots an arrow.
The arrow misses you.
You see here an arrow.
The centaur shoots an arrow.
The arrow hits you.
You die...

#......c.#+##.. #..............
+............_. #..............
......# #......%.....J. ......#
#........>..... ......#
#######(#######+#######.....#
#......((#.....((.....#.....#
#........c......@.....#.....#
#.........########....#.....#
##........# #.....'...._#
#.......#.# _.....⌠...#.....#
#.......#.# ≈..≈....###.....#
#.......#.# .≈≈≈≈≈..........#
#.......#.##...≈≈≈..........#
#.......#.##...≈≈≈≈.........###
##......#.#...≈≈≈≈.............


You could see a centaur.

Vanquished Creatures
  An iguana (D:4)
  2 orc wizards
  5 adders
  A worm (D:2)
  4 leopard geckos
  6 orcs
  11 bats
  7 giant cockroaches
  7 goblins
  5 hobgoblins
  2 jackals (D:2)
  A quokka (D:3)
  2 ball pythons
  8 frilled lizards
  5 kobolds
  7 rats
74 creatures vanquished.

Notes
Turn   | Place    | Note
-------+----------+-------------------------------------------
     0 | D:1      | sipior the Draconian Fire Elementalist began the quest for
                  | the Orb.
     0 | D:1      | Reached XP level 1. HP: 14/14 MP: 3/3
   253 | D:1      | Reached XP level 2. HP: 20/20 MP: 3/5
   262 | D:1      | Learned a level 2 spell: Throw Flame
   916 | D:1      | Reached XP level 3. HP: 26/26 MP: 4/6
   921 | D:1      | Learned a level 3 spell: Conjure Flame
  1903 | D:2      | Reached XP level 4. HP: 32/33 MP: 7/7
  2870 | D:3      | Reached XP level 5. HP: 27/38 MP: 5/9
  3256 | D:3      | Found a white marble altar of Elyvilon.
  3409 | D:4      | Learned a level 4 spell: Sticky Flame
  3454 | D:4      | Found a shattered altar of Ashenzari.
  3467 | D:4      | Found an ancient bone altar of Kikubaaqudgha.
  3492 | D:4      | Reached skill level 4 in Fire Magic
  3711 | D:4      | Found a snail-covered altar of Cheibriados.
  3711 | D:4      | Noticed a centaur
  3722 | D:4      | Shot with an arrow by a centaur

Skill      XL: |  1  2  3  4  5 |
---------------+----------------+-----
Stealth        | 2 |  2.0
Dodging        | 2 3 |  3.0
Conjurations   | 2 |  2.7
Spellcasting   | 3 |  3.1
Fire Magic     | 4 |  4.0

Action                   |  1- 3 |  4- 6 || total
-------------------------+-------+-------++-------
Melee: Short sword       |    18 |       ||    18
       Unarmed           |     1 |       ||     1
       Tailslap          |     3 |     9 ||    12
       Spear             |    19 |   116 ||   135
 Cast: Flame Tongue      |    58 |    36 ||    94
       Throw Flame       |     3 |     4 ||     7
  Use: Scroll            |       |    13 ||    13
       Potion            |       |     2 ||     2
 Stab: Sleeping          |     5 |     3 ||     8
  Eat: Chunk             |     4 |     6 ||    10
Armor: Skin              |    30 |    55 ||    85
Dodge: Dodged            |    51 |    89 ||   140
